 Dungeon Crawl Stone Soup version 0.32-a0-768-g0f6f1dd4b9 (webtiles) character file.

Game seed: 17039355025155897917

213 Goblin1989 the Ruffian (level 5, 0/37 HPs)
             Began as a Demonspawn Shapeshifter on Mar 17, 2024.
             Slain by a hound (3 damage)
             ... on level 4 of the Dungeon on Mar 18, 2024.
             The game lasted 00:06:37 (2279 turns).

Goblin1989 the Ruffian (Demonspawn Shapeshifter)    Turns: 2279, Time: 00:06:38

Health: 0/37       AC:  2    Str: 14    XL:     5   Next: 59%
Magic:  13/13      EV: 11    Int: 10    God:
Gold:   157        SH:  0    Dex: 13    Spells: 4/4 levels left

rFire   . .          .
                       - Unarmed
rCold   . . .        (no shield)
rNeg    . . .        a - +0 animal skin
rPois   .            (helmet currently unavailable)
rElec   .            (cloak currently unavailable)
rCorr   .            (gloves currently unavailable)
SInv    .            (boots currently unavailable)
Will    .....        k - amulet of magic regeneration
Stlth   +            t - ring of magical power
HPRegen 0.26/turn    (no ring)
MPRegen 0.53/turn

%: no passive effects
@: beast-form
A: beast (slay +2), claws 2, spiny 1, low MP 1, mutation resistance 1, weak 1
a: Begin Untransformation


You were on level 4 of the Dungeon.
You were a hulking beast.
You visited 1 branch of the dungeon, and saw 4 of its levels.

You collected 208 gold pieces.
You spent 51 gold pieces at shops.

Inventory:

Missiles
 g - 13 poisoned darts (quivered)
 h - 41 stones
Armour
 a - a +0 animal skin (worn)
 l - a +2 cloak
Jewellery
 k - an amulet of magic regeneration (around neck)
 t - a ring of magical power (left claw)
Talismans
 c - a beast talisman (active)
 d - a flux talisman
Wands
 v - a wand of flame (14) {@v1}
Scrolls
 i - a scroll of teleportation {unknown}
 j - a scroll of brand weapon {unknown}
 o - 2 scrolls of vulnerability {unknown}
 p - a scroll of amnesia {unknown}
 q - 2 scrolls of identify {unknown}
 u - 3 scrolls of fog {unknown}
Potions
 n - 2 potions of might {@q4}
 s - a potion of invisibility {unknown}
 w - a potion of curing {@q1}
 x - a potion of magic


   Skills:
 - Level 1.0 Fighting
 - Level 1.7 Dodging
 * Level 5.0 Unarmed Combat
 + Level 3.8 Shapeshifting


You had 4 spell levels left.
You didn't know any spells.
Your spell library was empty.

Dungeon Overview and Level Annotations

Branches:
Dungeon (4/15) Zot: 21728
 Temple: D:4-7

Altars:
Nemelex Xobeh

Shops:
D:1 [   D:2 **:[


Innate Abilities, Weirdness & Mutations

You are a hulking beast.
Your limbs bulge with bestial killing power. (Slay +2)
You have very sharp fingernails.
You are partially covered in sharp spines.
Your magical capacity is low. (-10% MP)
You are somewhat resistant to further mutation.
You are weak. (Str -2)


Message History

The hound barks!
The bombardier beetle sprays incendiary fluid at you.
The burning spray hits you.
You are covered in liquid fire!
You shake off some of the fire as you move.
The liquid fire burns you!
You take 2 damage, and have 35/37 hp.
You scratch the bombardier beetle.
The bombardier beetle is moderately wounded.
The liquid fire burns you! The hound is struck by your spines.
The hound barely misses you. The hobgoblin hits you.
The bombardier beetle bites you.
You take 6 damage, and have 29/37 hp.
You scratch the bombardier beetle.
The bombardier beetle is heavily wounded.
The liquid fire burns you! The hound bites you but does no damage.
The hobgoblin is struck by your spines. The hobgoblin closely misses you.
The hound bites you.
The bombardier beetle barely misses you.
You take 3 damage, and have 26/37 hp.
You scratch the bombardier beetle.
The bombardier beetle is severely wounded.
The liquid fire burns you! The hound is struck by your spines.
The hound misses you. The hobgoblin hits you.
You take 3 damage, and have 23/37 hp.
You barely miss the bombardier beetle.
The bombardier beetle is severely wounded.
The liquid fire burns you! The hound bites you.
The hobgoblin is struck by your spines.
You kill the hobgoblin!
The bombardier beetle sprays incendiary fluid at you.
The burning spray hits you.
You are even more covered in liquid fire!
You are too injured to fight recklessly!
You are too injured to fight recklessly!
You are too injured to fight recklessly!
You are too injured to fight recklessly!
You are too injured to fight recklessly!
You are too injured to fight recklessly!
You are too injured to fight recklessly!
You are too injured to fight recklessly!
You are too injured to fight recklessly!
You are too injured to fight recklessly!
You are too injured to fight recklessly!
You are too injured to fight recklessly!
You are too injured to fight recklessly!
You are too injured to fight recklessly!
You are too injured to fight recklessly!
You are too injured to fight recklessly!
You are too injured to fight recklessly!
You are too injured to fight recklessly!
You are too injured to fight recklessly!
You take 4 damage, and have 19/37 hp.
You are too injured to fight recklessly!
You are too injured to fight recklessly!
You are too injured to fight recklessly!
You are too injured to fight recklessly!
You are too injured to fight recklessly!
Unknown command.
You shake off some of the fire as you move.
The liquid fire burns you!
* * * LOW HITPOINT WARNING * * *
The hound attacks as it pursues you! The hound bites you but does no damage.
The hound is struck by your spines. The hound barely misses you.
You take 5 damage, and have 14/37 hp.
A goblin comes into view. It is wielding a +0 dagger.
You shake off the liquid fire.
The goblin shouts!
The bombardier beetle is struck by your spines.
The bombardier beetle bites you but does no damage.
You scratch the bombardier beetle.
You kill the bombardier beetle!
The hound barely misses you. The hound bites you.
* * * LOW HITPOINT WARNING * * *
Your Unarmed Combat skill increases to level 5!
You take 3 damage, and have 11/37 hp.
You closely miss the hound.
The hound is heavily wounded.
The hound is struck by your spines. The hound closely misses you.
An endoplasm comes into view.
The endoplasm freezes you.
You are frozen.
* * * LOW HITPOINT WARNING * * *
You take 3 damage, and have 8/37 hp.
Unknown command.
The endoplasm quivers.
You scratch the hound.
The hound is severely wounded.
The goblin hits you with a +0 dagger.
* * * LOW HITPOINT WARNING * * *
The endoplasm freezes you.
You are frozen.
* * * LOW HITPOINT WARNING * * *
The hound closely misses you.
You take 5 damage, and have 3/37 hp.
You claw the hound!
You kill the hound!
The hound bites you.
You die...

█ █ .█ █. ██.█
█. ... █.
█.████.█
█...█......████
..J...g........
.████ █h†.███
.[....█hJ...█
█h..█.███.█
█.......█
█.█.█████
█......█
█....█.██
████....█
████.█..$█


You could see a hound, 2 endoplasms and a goblin.

Vanquished Creatures
  2 bombardier beetles (D:4)
  2 hounds (D:4)
  3 gnolls (D:3)
  3 adders
  A dart slug (D:4)
  4 ribbon worms
  2 orcs
  4 ball pythons
  An endoplasm (D:1)
  7 hobgoblins
  2 jackals (D:2)
  10 bats
  2 frilled lizards
  6 goblins
  3 kobolds
  4 rats
56 creatures vanquished.

Notes
Turn   | Place    | Note
-------+----------+-------------------------------------------
     0 | D:1      | Goblin1989 the Demonspawn Shapeshifter began the quest for
                  | the Orb.
     0 | D:1      | Reached XP level 1. HP: 15/15 MP: 1/1
     8 | D:1      | Found Xor Toq's Antique Armour Shoppe.
   159 | D:1      | Reached skill level 3 in Unarmed Combat
   343 | D:1      | Gained mutation: You have sharp fingernails. [demonic
                  | ancestry]
   343 | D:1      | Reached XP level 2. HP: 21/21 MP: 2/2
   604 | D:2      | Found Jockag's Assorted Antiques.
   886 | D:2      | Found Heno Ede's Book Shop.
   965 | D:2      | Found Sikhofoz's Armour Shoppe.
  1070 | D:2      | Found Azixzoc's Assorted Antiques.
  1075 | D:2      | Bought a green potion for 24 gold pieces
  1075 | D:2      | Bought a scroll labelled TUESI REUT for 27 gold pieces
  1190 | D:3      | Gained mutation: You are weak. (Str -2) [potion of
                  | mutation]
  1190 | D:3      | Gained mutation: Your magical capacity is low. (-10% MP)
                  | [potion of mutation]
  1190 | D:3      | Gained mutation: You are somewhat resistant to further
                  | mutation. [potion of mutation]
  1190 | D:3      | HP: 1/31 [poisoned by an adder]
  1200 | D:3      | Gained mutation: You have very sharp fingernails. [demonic
                  | ancestry]
  1200 | D:3      | Reached XP level 3. HP: 26/26 MP: 2/2
  1540 | D:3      | Found a sparkling altar of Nemelex Xobeh.
  1751 | D:3      | Reached skill level 4 in Unarmed Combat
  1751 | D:3      | Reached XP level 4. HP: 32/32 MP: 3/3
  2091 | D:4      | Noticed an ogre
  2094 | D:4      | Upgraded the game from 0.32-a0-732-ga344392067 to
                  | 0.32-a0-768-g0f6f1dd4b9
  2134 | D:4      | Gained mutation: You are partially covered in sharp spines.
                  | [demonic ancestry]
  2134 | D:4      | Reached XP level 5. HP: 37/37 MP: 4/4
  2277 | D:4      | Reached skill level 5 in Unarmed Combat
  2279 | D:4      | Slain by a hound

Illustrated notes

Levels and vault maps discovered:
D:1:      minmay_arrival_jagged, layout_rooms, serial_shops,
          nicolae_shop_competitors_out_of_business, minivault_14
D:2:      layout_loops_ring, serial_shops, nicolae_shop_overgrown_old_shop,
          nicolae_shop_hallway_plus, shop, shop, kennysheep_another_room
D:3:      layout_basic, mainiacjoe_overflow_24_doors, nrook_campfire,
          minmay_pentomino_pile
D:4:      cheibrodos_helix_gallery, layout_basic

Skill      XL: |  1  2  3  4  5 |
---------------+----------------+-----
Unarmed Combat | 3 4 5 |  5.0
Shapeshifting  | 3 |  3.8
Fighting       | |  1.0
Dodging        | |  1.7

Action                     |  1- 3 |  4- 6 || total
---------------------------+-------+-------++-------
  Melee: Unarmed           |    89 |    52 ||   141
         Punch             |     1 |     2 ||     3
    Use: Potion            |     5 |     1 ||     6
   Stab: Sleeping          |     3 |       ||     3
 Armour: Animal skin       |    36 |    33 ||    69
         Skin              |    14 |       ||    14
  Dodge: Dodged            |    45 |    37 ||    82

Table legend: (Time is in decaauts)
 A = Elapsed time spent in this place.
 B = Non-inter-level travel time spent in this place.
 C = Inter-level travel time spent in this place.
 D = Time resting spent in this place.
 E = Time spent auto-exploring this place.
 F = Levels seen in this place.
 G = Mean time per level.
                   A        B        C        D        E       F      G
               +--------+--------+--------+--------+--------+-----+--------+
         Total |   2270 |   2200 |     70 |     90 |   1682 |   4 |  567.5 |
       Dungeon |   2270 |   2200 |     70 |     90 |   1682 |   4 |  567.5 |
               +--------+--------+--------+--------+--------+-----+--------+

Top non-repeatable levels by time:
     D:3: 824 daAuts
     D:2: 678 daAuts
     D:1: 486 daAuts
     D:4: 281 daAuts
